 Dungeon Sprint DCSS version 0.31-a0-965-g8a8ce12e04 (webtiles) character file.

Game seed: 14108653586868592602

2 rocky1 the Changeling (level 1, 0/19 HPs)
             Began as an Ogre Shapeshifter on Oct 27, 2023.
             Succumbed to a scorpion's poison
             ... in the Dungeon (Sprint VII: "The Pits").
             The game lasted 00:00:41 (55 turns).

rocky1 the Changeling (Ogre Shapeshifter)             Turns: 55, Time: 00:00:41

Health: 0/19       AC:  3    Str: 17    XL:     1   Next: 40%
Magic:  1/1        EV:  9    Int: 11    God:
Gold:   0          SH:  0    Dex:  8    Spells: 0/0 levels left

rFire   . .          .
                       - Unarmed
rCold   . . .        (no shield)
rNeg    . . .        a - +0 animal skin
rPois   .            (helmet currently unavailable)
rElec   .            (cloak currently unavailable)
rCorr   .            (gloves unavailable)
SInv    .            (boots unavailable)
Will    .....        (no amulet)
Stlth   +            (no ring)
HPRegen 0.23/turn    (no ring)
MPRegen 0.07/turn

%: no teleportation
@: lethally poisoned (0 -> -8), beast-form
A: beast (slay +2), large, unfitting armour, tough skin 1
a: Begin Untransformation


You were in the Dungeon.
You were a hulking beast.
You visited 1 branch

Inventory:

Armour
 a - a +0 animal skin (worn)
Talismans
 c - a beast talisman
 d - a flux talisman
Scrolls
 j - a scroll of blinking
Potions
 b - a potion of lignification
 e - a potion of curing
 f - a potion of heal wounds
 g - a potion of haste
 h - 2 potions of magic
 i - a potion of berserk rage


   Skills:
 + Level 1.4 Fighting
 + Level 1.9 Dodging
 + Level 3.1 Unarmed Combat
 + Level 3.5 Shapeshifting


You couldn't memorise any spells.
You didn't know any spells.
Your spell library was empty.

Dungeon Overview and Level Annotations

Branches:
Dungeon (1/1)

Altars:


Innate Abilities, Weirdness & Mutations

You are a hulking beast.
Your limbs bulge with bestial killing power. (Slay +2)
You are too large for most types of armour.
You have tough skin. (AC +1)


Message History

A jackal comes into view.
A scorpion comes into view.
A hobgoblin comes into view.
You hit the orc.
The orc is moderately wounded.
A jackal comes into view.
The orc hits you but does no damage.
Unknown command.
An orc warrior comes into view. It is wielding a +0 halberd.
You closely miss the orc.
The orc is moderately wounded.
The orc hits you with a +0 club.
You hit the orc.
You kill the orc!
The scorpion stings you!
Your Unarmed Combat skill increases to level 3!
You closely miss the scorpion. The scorpion closely misses you.
You hit the scorpion.
The scorpion is lightly wounded.
The scorpion closely misses you.
You hit the scorpion.
The scorpion is moderately wounded.
The scorpion stings you but does no damage.
You barely miss the scorpion.
The scorpion is moderately wounded.
An orc wizard comes into view. It is wielding a +0 dagger.
The scorpion stings you.
* * * LOW HITPOINT WARNING * * *
You barely miss the scorpion.
The scorpion is moderately wounded.
The orc wizard shouts!
You hear a bark!
You hear a shout!
The orc wizard gestures wildly while chanting.
The orc wizard flickers and vanishes!
Deactivating autopickup; reactivate with Ctrl-A.
The scorpion stings you.
* * * LOW HITPOINT WARNING * * *
You are lethally poisoned!
The scorpion poisons you!
You hit the scorpion.
The scorpion is severely wounded.
You die...

###### #+##.....
+.##.....
##########.##.....
#...........'.....
#'#####+#####.....
#.# #..... #.#
####'# #h# #.....
#s# #..... #h#
#..... #h# #...<.
#o# #..... #o#
#..... #g# #.....
#g{ ###### #..#


You could see an orc warrior, a scorpion, an orc, 2 jackals and 2 hobgoblins.

Vanquished Creatures
  An orc (D)
  A frilled lizard (D)
2 creatures vanquished.

Notes
Turn   | Place    | Note
-------+----------+-------------------------------------------
     0 | D        | rocky1 the Ogre Shapeshifter began the quest for the Orb.
     0 | D        | Reached XP level 1. HP: 19/19 MP: 1/1
    41 | D        | Noticed a scorpion
    43 | D        | Noticed an orc warrior
    53 | D        | Noticed an orc wizard
    55 | D        | Succumbed to a scorpion's poison

Illustrated notes

Levels and vault maps discovered:
D:        pitsprint [storerooms_1, entrance_room_1, metal_vault_5, armoury_1,
          mini_pit_1, grid_room_1, main_hall_1, silver_pit, the_coven_3,
          the_vestibule_1, steel_vault_2, golden_pit, hallway_of_sentries,
          crystal_vault_2, iron_vault_4, final_vault]

Skill      XL: |  1 |
---------------+----+-----
Unarmed Combat | 3 |  3.1
Fighting       | |  1.4
Dodging        | |  1.9
Shapeshifting  | |  3.5

Action                     || total
---------------------------++-------
  Melee: Unarmed           ||    14
 Armour: Animal skin       ||     6
  Dodge: Dodged            ||     7

Table legend: (Time is in decaauts)
 A = Elapsed time spent in this place.
 B = Non-inter-level travel time spent in this place.
 C = Inter-level travel time spent in this place.
 D = Time resting spent in this place.
 E = Time spent auto-exploring this place.
 F = Levels seen in this place.
 G = Mean time per level.
                   A        B        C        D        E       F      G
               +--------+--------+--------+--------+--------+-----+--------+
         Total |     54 |     54 |      0 |      0 |      0 |   1 |   54.0 |
       Dungeon |     54 |     54 |      0 |      0 |      0 |   1 |   54.0 |
               +--------+--------+--------+--------+--------+-----+--------+

Top non-repeatable levels by time:
       D: 54 daAuts
